 Dungeon Crawl Stone Soup version 0.30-a0-702-gdf48620a09 (webtiles) character file.

Game seed: 8787734784445951792

912 Fenrisus the Shooter (level 8, -1/62 HPs)
             Began as a Formicid Hunter on Jan 21, 2023.
             Slain by a two-headed ogre
             ... wielding a +0 giant spiked club
              (13 damage)
             ... on level 6 of the Dungeon.
             The game lasted 00:20:57 (4838 turns).

Fenrisus the Shooter (Formicid Hunter)              Turns: 4838, Time: 00:20:57

Health: -1/62      AC: 11    Str: 16    XL:     8   Next: 30%
Magic:  8/8        EV: 11    Int:  9    God:
Gold:   82         SH:  0    Dex: 19    Spells: 7/7 levels left

rFire   + . .      SeeInvis +    a - +0 shortbow
rCold   . . .      Faith    .    (no shield)
rNeg    . . .      Spirit   .    k - +3 scale mail
rPois   .          Reflect  .    (helmet unavailable)
rElec   .          Harm     .    (no cloak)
rCorr   .          Rampage  .    (no gloves)
Will    +....                    j - +1 pair of boots
Stlth   ++                       n - amulet of regeneration
HPRegen 1.10/turn                i - ring of protection from fire
MPRegen 0.11/turn                m - ring of willpower

@: no status effects
A: permanent stasis, dig shafts and tunnels, antennae 3, four strong arms
a: Dig, Shaft Self


You were on level 6 of the Dungeon.
You visited 1 branch of the dungeon, and saw 6 of its levels.

You collected 164 gold pieces.
You spent 82 gold pieces at shops.

Inventory:

Hand Weapons
 a - a +0 shortbow (weapon)
 q - a +1 short sword of protection
Armour
 j - a +1 pair of boots (worn)
 k - a +3 scale mail (worn)
Jewellery
 i - a ring of protection from fire (left hand)
 m - a ring of willpower (right hand)
 n - an amulet of regeneration (around neck)
Wands
 p - a wand of iceblast (7)
Scrolls
 b - a scroll of immolation
 o - 2 scrolls of poison
 r - a scroll of enchant weapon {unknown}
Potions
 c - a potion of mutation {unknown}
 e - a potion of haste {unknown}
 f - 2 potions of attraction {unknown}
 g - a potion of flight {unknown}
 h - 2 potions of heal wounds {unknown}
 l - 3 potions of might {unknown}
 s - 2 potions of degeneration {unknown}


   Skills:
 + Level 5.3 Fighting
 + Level 6.0 Ranged Weapons
 + Level 4.3 Dodging
 + Level 5.9 Stealth


You had 7 spell levels left.
You didn't know any spells.
Your spell library contained the following spells:

 Spells                   Type           Power      Damage    Failure   Level
 Cigotuvi's Dreadful Rot  Necr/Pois/Air  0%         N/A       93%         2
 Poisonous Vapours        Pois/Air       0%         N/A       93%         2
 Mephitic Cloud           Conj/Pois/Air  0%         N/A       99%         3
 Blade Hands              Tmut           0%         N/A       100%        5
 Irradiate                Conj/Tmut      0%         3d11      100%        5
 Dragon Form              Tmut           0%         N/A       100%        7


Dungeon Overview and Level Annotations

Branches:
Dungeon (6/15)
 Temple: D:4-7

Altars:
Sif Muna

Shops:
D:5 *

Annotations:
D:3 Robin
D:4 3 runed translucent doors, kuniqs's ghost, novice DgHu
D:5 1 runed translucent door, Crazy Yiuf


Innate Abilities, Weirdness & Mutations

You cannot be hasted, slowed, berserked, paralysed or teleported.
You can dig through walls and to a lower floor.
You have a pair of large antennae on your head. (SInv)
Your four strong arms can wield two-handed weapons with a shield.


Message History

The two-headed ogre is heavily wounded.
The two-headed ogre hits you with a +0 giant spiked club!
The two-headed ogre closely misses you.
You shoot an arrow. The arrow hits the two-headed ogre!
The two-headed ogre is heavily wounded.
The two-headed ogre hits you with a +0 giant spiked club!
The two-headed ogre barely misses you.
You feel better.
The two-headed ogre closely misses you. x2
You shoot an arrow. The arrow hits the two-headed ogre!
The two-headed ogre is severely wounded.
The two-headed ogre hits you with a +0 giant spiked club!!
The two-headed ogre barely misses you.
You shoot an arrow. The arrow hits the two-headed ogre.
The two-headed ogre is severely wounded.
The two-headed ogre hits you with a +0 giant spiked club.
* * * LOW HITPOINT WARNING * * *
The two-headed ogre closely misses you.
You feel better.
You feel better. The two-headed ogre barely misses you.
The two-headed ogre hits you but does no damage.
You feel better.
The two-headed ogre hits you with a +0 giant spiked club!
The two-headed ogre hits you with a +0 giant club.
You shoot an arrow.
The arrow hits the two-headed ogre but does no damage.
The two-headed ogre is severely wounded.
You shoot an arrow. The arrow hits the two-headed ogre.
The two-headed ogre is severely wounded.
The two-headed ogre barely misses you.
The two-headed ogre hits you with a +0 giant club!!
The two-headed ogre attacks as you move away!
The two-headed ogre hits you with a +0 giant spiked club!
* * * LOW HITPOINT WARNING * * *
The two-headed ogre closely misses you.
You shoot an arrow.
The arrow closely misses the two-headed ogre.
You hear the slow rusting of a distant drain.
The two-headed ogre misses you.
The two-headed ogre hits you with a +0 giant club!
You die...

#.#.### #.....# #.....#
###.....# #
#.......##########
..................
.#......#########
#.....O# #.....@#
##.....################
#...........#.........
#.................####
#####.#####.#.###.#
#... #.#.# .... ....#
#.#.#.#.#.# ##...#
#.#.#.#.#.# #...# #.#.#
#.# #


You could see a two-headed ogre.

Vanquished Creatures
  A water moccasin (D:6)
  A black bear (D:4)
  An ogre (D:4)
  A phantom (D:4)
  A kobold brigand (D:5)
  A scorpion (D:5)
  A necrophage (D:6)
  A jelly (D:6)
  2 hounds
  2 iguanas
  Terence (D:3)
  5 gnolls
  10 adders
  A dart slug (D:1)
  An orc (D:3)
  4 ball pythons
  3 bats
  3 endoplasms
  2 giant cockroaches
  6 goblins
  5 hobgoblins
  9 jackals
  6 quokkas
  2 frilled lizards
  6 kobolds
  3 rats
79 creatures vanquished.

Notes
Turn   | Place    | Note
-------+----------+-------------------------------------------
     0 | D:1      | Fenrisus the Formicid Hunter began the quest for the Orb.
     0 | D:1      | Reached XP level 1. HP: 16/16 MP: 1/1
   153 | D:1      | Reached XP level 2. HP: 23/23 MP: 2/2
   248 | D:1      | Reached XP level 3. HP: 22/28 MP: 3/3
   314 | D:1      | You fall into a shaft and drop 1 floor!
  1787 | D:3      | Reached XP level 4. HP: 32/33 MP: 4/4
  1823 | D:3      | Noticed Terence
  1828 | D:3      | Killed Terence
  2107 | D:3      | Noticed Robin
  2243 | D:3      | Reached XP level 5. HP: 41/41 MP: 5/5
  2336 | D:3      | Found a faded altar of an unknown god.
  2738 | D:4      | Noticed an ogre
  2776 | D:4      | Noticed kuniqs's ghost (novice DgHu)
  2802 | D:4      | Found a runed translucent gate.
  2802 | D:4      | Found a runed translucent gate.
  2802 | D:4      | Found a runed translucent gate.
  2920 | D:4      | Noticed a black bear
  3010 | D:4      | Killed an ogre
  3011 | D:4      | Reached XP level 6. HP: 28/48 MP: 6/6
  3384 | D:4      | Reached skill level 5 in Ranged Weapons
  3398 | D:4      | Reached XP level 7. HP: 50/54 MP: 7/7
  3785 | D:5      | Entered Level 5 of the Dungeon
  3859 | D:5      | Reached skill level 5 in Stealth
  4059 | D:5      | Found Malis's General Store.
  4063 | D:5      | Bought a scroll of enchant armour for 82 gold pieces
  4201 | D:5      | Found a runed translucent door.
  4202 | D:5      | Noticed Crazy Yiuf
  4252 | D:5      | Found a shimmering blue altar of Sif Muna.
  4558 | D:5      | Reached XP level 8. HP: 61/61 MP: 8/8
  4718 | D:6      | Reached skill level 5 in Fighting
  4800 | D:6      | Reached skill level 6 in Ranged Weapons
  4819 | D:6      | Noticed a two-headed ogre
  4838 | D:6      | Slain by a two-headed ogre

Illustrated notes

Levels and vault maps discovered:
D:1:      minmay_arrival_open_corners, layout_basic
D:2:      layout_rooms, serial_co_window_serial, co_window_paths_b,
          co_window_of_opportunity_a, co_window_paths_b, co_window_paths_a,
          co_window_paths_a, co_window_of_opportunity_a,
          co_window_of_opportunity_a, co_window_of_opportunity_b,
          co_window_broadway_b, co_window_2corner, co_window_2corner,
          co_window_paths_c, co_window_2corner, co_window_of_opportunity_c,
          glass_columns_b, glass_columns_a, glass_columns_c, glass_columns_b,
          glass_columns_b, corner_web_ring
D:3:      layout_basic, nicolae_ecumenical_oubliette, uniq_robin, uniq_terence
D:4:      layout_loops_corners, gammafunk_ghost_icy,
          eino_small_chamber_without_monster
D:5:      layout_loops_ring, mainiacjoe_overflow_paths, serial_shops,
          nicolae_shop_window_shopping, grunt_ministairs_13,
          uniq_crazy_yiuf_cottage
D:6:      layout_basic, mainiacjoe_overflow_large_starburst,
          cheibrodos_sewer_entry_sluice, uniq_eustachio

Skill      XL: |  1  2  3  4  5  6  7  8 |
---------------+-------------------------+-----
Dodging        | 2 3 4 |  4.3
Stealth        | 2 3 4 5 |  5.9
Fighting       | 3 4 5 |  5.3
Ranged Weapons | 5 6 |  6.0

Action                   |  1- 3 |  4- 6 |  7- 9 || total
-------------------------+-------+-------+-------++-------
 Fire: Shortbow          |    73 |   108 |   131 ||   312
 Abil: Dig               |     5 |       |       ||     5
  Use: Scroll            |     4 |     1 |     4 ||     9
       Potion            |     1 |       |     4 ||     5
Armor: Leather armour    |     7 |       |       ||     7
       Scale mail        |       |    27 |    51 ||    78
Dodge: Dodged            |    26 |    73 |    73 ||   172

Table legend: (Time is in decaauts)
 A = Elapsed time spent in this place.
 B = Non-inter-level travel time spent in this place.
 C = Inter-level travel time spent in this place.
 D = Time resting spent in this place.
 E = Time spent auto-exploring this place.
 F = Levels seen in this place.
 G = Mean time per level.
                   A        B        C        D        E       F      G
               +--------+--------+--------+--------+--------+-----+--------+
         Total |   4967 |   1597 |   3370 |    557 |    298 |   6 |  827.8 |
       Dungeon |   4967 |   1597 |   3370 |    557 |    298 |   6 |  827.8 |
               +--------+--------+--------+--------+--------+-----+--------+

Top non-repeatable levels by time:
     D:4: 1262 daAuts
     D:2: 1081 daAuts
     D:5: 947 daAuts
     D:3: 871 daAuts
     D:1: 655 daAuts
     D:6: 150 daAuts
